 Dungeon Crawl Stone Soup version 0.31.0-4-g52a2dc7128 (webtiles) character file.

Game seed: 13895537450948066697

144165 thirtiethelement the Spry (level 16, 0/198 HPs)
             Began as a Demonspawn Berserker on Jan 23, 2024.
             Was the Champion of Trog.
             Succumbed to freelancePsychic's ghost's toxic radiance
             ... on level 4 of the Swamp.
             The game lasted 01:11:01 (26874 turns).

thirtiethelement the Spry (Demonspawn Berserker)   Turns: 26874, Time: 01:11:01

Health: 0/198      AC: 20    Str: 25    XL:     16   Next: 84%
Magic:  2/25       EV: 24    Int:  8    God:    Trog [******]
Gold:   2075       SH: 16    Dex: 13    Spells: 15/15 levels left

rFire   . .          .
                       - Unarmed
rCold   + + .        J - +5 kite shield {rN+}
rNeg    + . .        Q - +3 steam dragon scales of Okawaru's Whim {^Contam Fly rCorr MP+9}
rPois   +            M - +0 helmet
rElec   .            V - +0 cloak
rCorr   +            (no gloves)
SInv    +            N - +2 pair of slick slippers {slick, slippery, EV+4}
Will    +....        A - amulet of Povoneicku {RegenMP ^Fragile rPois rC++ Stlth+} Stlth
                     e - ring of see invisible
HPRegen 0.53/turn    D - +4 ring of protection
MPRegen 0.78/turn

%: guardian spirit
@: berserking (expiring), lethally poisoned (0 -> -12), flying, very quick
A: claws 2, rugged brown scales 2, spiny 2, magic shield, magic regeneration,
mutation resistance 1, robust 1
a: Renounce Religion, Berserk, Trog's Hand, Brothers in Arms


You were on level 4 of the Swamp.
You worshipped Trog.
Trog was exalted by your worship.
You visited 3 branches of the dungeon, and saw 24 of its levels.

You collected 2075 gold pieces.

Inventory:

Hand Weapons
 p - the +10 demon blade "Wenul" {flame, ^Fragile rC+ SInv}
   (Trog gifted it to you on level 15 of the Dungeon)

   rC+:       It protects you from cold.
   SInv:      It lets you see invisible.
   ^Fragile:  It will be destroyed if unequipped.
 R - the +7 falchion of the Genius {freeze, ^Fragile rPois rF+ Str+2}
   (You found it on level 2 of the Lair of Beasts)

   Str+2:     It affects your strength (+2).
   rF+:       It protects you from fire.
   rPois:     It protects you from poison ^Fragile: It will be destroyed if
   unequipped.
 Y - the +7 dagger "Ogrebane" {flame, rElec}
   (You found it on level 4 of the Lair of Beasts)

   rElec:     It insulates you from electricity.
Missiles
 n - 15 throwing nets
 o - 5 silver javelins
 y - 13 javelins
 I - 2 boomerangs (quivered)
Armour
 u - the +5 ring mail "Jierchow" {Int+5}
   (You found it on level 3 of the Dungeon)

   Int+5:     It affects your intelligence (+5).
 v - the +0 ring mail of the Sun {+Blink rF- Str+8 Slay+5}
   (You found it on level 7 of the Dungeon)

   Str+8:     It affects your strength (+8).
   Slay+5:    It affects your accuracy & damage with ranged weapons and melee
   (+5).
   rF-:       It makes you vulnerable to fire.
   +Blink:    It lets you blink.
 B - a +2 buckler of resistance
 J - a +5 kite shield of positive energy (worn)
 M - a +0 helmet (worn)
 N - the +2 pair of slick slippers (worn) {slick, slippery, EV+4}
   (You found it on level 12 of the Dungeon)

   Slick:     Its wearer cannot be constricted, engulfed, netted or webbed.
   Slippery:  Its wearer slips away from damaging melee attacks, pulling the
   attacker onward.
   EV+4:      It affects your evasion (+4).
 Q - the +3 steam dragon scales of Okawaru's Whim (worn) {^Contam Fly rCorr MP+9}
   (You took it off a frost giant on level 14 of the Dungeon)

   MP+9:      It affects your magic capacity (+9).
   Fly:       It grants you flight.
   ^Contam:   It causes magical contamination when unequipped.
   rCorr:     It protects you from acid and corrosion.
 U - the +1 robe of Vines {NoPotionHeal Regen++++}
   (You found it on level 2 of the Lair of Beasts)

   NoPotionHeal: Its wearer cannot be healed by potions.
   Regen++++: It increases your rate of health regeneration.
 V - a +0 cloak (worn)
Jewellery
 e - a ring of see invisible (left claw)
 A - the amulet of Povoneicku (around neck) {RegenMP ^Fragile rPois rC++ Stlth+}
   (You found it on level 4 of the Dungeon)

   [amulet of magic regeneration]

   RegenMP:   It increases your rate of magic regeneration.
   rC++:      It greatly protects you from cold.
   rPois:     It protects you from poison ^Fragile: It will be destroyed if
   unequipped.
   Stlth+:    It makes you more stealthy.
 C - a ring of positive energy
 D - a +4 ring of protection (right claw)
 L - a ring of willpower
 O - an amulet of regeneration
 P - a ring of ice
Wands
 g - a wand of digging (6)
 q - a wand of flame (66)
 w - a wand of roots (4)
 x - a wand of paralysis (42)
 E - a wand of mindburst (24)
 F - a wand of quicksilver (14)
 Z - a wand of polymorph (9)
Scrolls
 a - 7 scrolls of poison
 b - a scroll of torment
 d - 3 scrolls of revelation
 f - 5 scrolls of teleportation
 k - 4 scrolls of fear
 t - 2 scrolls of silence
 H - 5 scrolls of fog
 S - a scroll of brand weapon
 W - 5 scrolls of identify
 X - a scroll of blinking
Potions
 c - a potion of magic
 h - 4 potions of mutation
 i - 6 potions of haste
 j - 17 potions of curing
 l - a potion of might
 m - 5 potions of enlightenment
 r - 2 potions of heal wounds
 s - 5 potions of lignification
 z - a potion of berserk rage
 G - a potion of cancellation
 K - a potion of ambrosia
Miscellaneous
 T - a condenser vane


   Skills:
 + Level 7.5 Fighting
 + Level 3.0 Throwing
 + Level 9.1 Armour
 * Level 18.7 Dodging
 + Level 7.5 Stealth
 + Level 10.7 Shields
 + Level 17.9 Unarmed Combat
 + Level 0.8 Evocations


You had 15 spell levels left.
You didn't know any spells.
Your spell library contained the following spells:

 Spells                   Type           Power      Damage    Failure   Level
 Sting                    Conj/Alch      0%         1d3       58%         1
 Summon Small Mammal      Summ           0%         N/A       58%         1
 Call Imp                 Summ           0%         N/A       73%         2
 Cigotuvi's Dreadful Rot  Necr/Alch/Air  0%         N/A       73%         2
 Ensorcelled Hibernation  Hex/Ice        0%         N/A       73%         2
 Lesser Beckoning         Tloc           0%         N/A       73%         2
 Mercury Vapours          Alch/Air       0%         N/A       73%         2
 Sublimation of Blood     Necr           0%         N/A       73%         2
 Call Canine Familiar     Summ           0%         N/A       91%         3
 Fugue of the Fallen      Necr           0%         N/A       91%         3
 Gell's Gravitas          Tloc           0%         N/A       91%         3
 Inner Flame              Hex/Fire       0%         N/A       91%         3
 Ozocubu's Armour         Ice            0%         N/A       91%         3
 Teleport Other           Tloc           0%         N/A       91%         3
 Anguish                  Hex/Necr       0%         N/A       100%        4
 Dispel Undead            Necr           0%         3d6       100%        4
 Ignite Poison            Fire/Alch      0%         N/A       100%        4
 Leda's Liquefaction      Alch/Erth      0%         N/A       100%        4
 Manifold Assault         Tloc           0%         N/A       100%        4
 Martyr's Knell           Necr/Summ      0%         N/A       100%        4
 Olgreb's Toxic Radiance  Alch           0%         N/A       100%        4
 Passage of Golubria      Tloc           0%         N/A       100%        4
 Sticky Flame             Fire/Alch      0%         2d4       100%        4
 Summon Blazeheart Golem  Fire/Summ      0%         N/A       100%        4
 Irradiate                Conj/Alch      0%         3d11      100%        5
 Lee's Rapid Deconstruct  Erth           0%         3d4*      100%        5
 Metabolic Englaciation   Hex/Ice        0%         N/A       100%        5
 Silence                  Hex/Air        0%         N/A       100%        5
 Bombard                  Conj/Erth      0%         9d1       100%        6
 Death Channel            Necr           0%         N/A       100%        6
 Dispersal                Tloc           0%         N/A       100%        6
 Sculpt Simulacrum        Ice/Alch       0%         N/A       100%        6
 Summon Hydra             Summ           0%         N/A       100%        7
 Ignition                 Fire           0%         3d3       100%        8
 Lehudib's Crystal Spear  Conj/Erth      0%         10d2      100%        8


Dungeon Overview and Level Annotations

Branches:
Dungeon (15/15) Temple (0/1) D:7 Lair (5/5) D:11 Swamp (4/4) Lair:3 Snake (0/4) Lair:2 Slime (0/5) Lair:4 Orc (0/2) D:12 Vaults (0/5) D:12 D:13 Depths (0/4) D:15

Altars:
Ashenzari
Gozag
Hepliaklqana
Kikubaaqudgha
Makhleb
Nemelex Xobeh
Ru
Sif Muna
Trog
Vehumet
Wu Jian
Yredelemnul
Jiyva

Shops:
D:13 [

Annotations:
Swamp:4 1 transporter, freelancePsychic's ghost, adept GrEE


Innate Abilities, Weirdness & Mutations

You have very sharp fingernails.
You are mostly covered in rugged brown scales. (AC +2, +5% HP)
You are mostly covered in sharp spines.
When hurt, damage is shared between your health and your magic reserves.
You regenerate magic rapidly.
You are somewhat resistant to further mutation.
You are robust. (+10% HP)


Message History

* * * LOW HITPOINT WARNING * * *
You are more poisoned.
Your cyclops looks even sicker.
Your cyclops hits the moth of wrath!!
FreelancePsychic's ghost launches a ball of destructive magic.
The wavering orb of destruction weakly hits the spriggan!!
The spriggan is blown up!
The spriggan rider completely misses you.
Unknown command.
You miss freelancePsychic's ghost.
FreelancePsychic's ghost is moderately damaged.
You feel very sick.
You mangle freelancePsychic's ghost!!
FreelancePsychic's ghost is heavily damaged.
Your skin stops crawling.
You feel less strong-willed.
You feel sick.
You are more poisoned.
The moth of wrath bites your cyclops!!
Your cyclops dies!
Your cyclops's corpse disappears in a puff of smoke!
You block the hornet's attack. You block the spriggan rider's attack.
You block freelancePsychic's ghost's attack.
The moth of wrath's fur bristles in rage as it notices you.
You scratch freelancePsychic's ghost but do no damage.
FreelancePsychic's ghost is heavily damaged.
* * * LOW HITPOINT WARNING * * *
You feel sick. You block the hornet's attack.
Unknown command.
You miss the hornet.
The hornet is severely wounded.
* * * LOW HITPOINT WARNING * * *
You feel sick.
You block freelancePsychic's ghost's attack.
The spriggan rider is struck by your spines.
The spriggan rider hits you with a +0 morningstar!!
* * * LOW HITPOINT WARNING * * *
You mangle the hornet!!
You kill the hornet!
Trog accepts your kill.
You die...

.~.~~~.~..~~.....~...♣
.~..♣..........~.....♣♣
~♣...~..~~~~~.~.~...~~♣
†~...~....~.....÷÷.~.♣♣
.D.~..~~..~~..~~......♣ ♣♣
.~~D♣.♣♣~...........~.♣♣.♣♣
....♣♣♣♣.......©v.÷D......♣
~♣§♣♣♣♣.~....#####..†.§..♣♣
♣♣♣♣ ♣.~...###y©@###....~.♣
~♣♣ ♣♣.~..##.§)W#i###....♣♣
~~♣♣♣.~...#.)...##i.#....♣
..~♣♣♣~..##.....≈#..##D.♣♣
..♣♣♣~...#.......##..#.†♣
..♣~.....#©###)_).i..#..♣
÷~~..~...#..#≈??:##i.#..♣
.........##.###i#≈#.##..♣♣
..........###.i.#####...~♣~♣♣


You could see a spriggan rider, a spriggan berserker, a moth of wrath, a
will-o-the-wisp, a spriggan and freelancePsychic's ghost (toxic aura).

Vanquished Creatures
  Rupert (D:13)
  A tengu reaver (D:14)
  Kirke (D:13)
  A frost giant (D:14)
  4 eleionomae
  A spark wasp (Swamp:3)
  3 bunyips
  Josephine (Lair:4)
  An ettin (D:14)
  Fannar (D:12)
  A fire dragon (Lair:5)
  A spriggan air mage (Swamp:3)
  Harold (Lair:1)
  22 hydras
  Erolcha (D:11)
  An ice dragon (D:14)
  2 rakshasas (D:15)
  A catoblepas (Lair:2)
  An anaconda (D:11)
  4 boulder beetles
  5 centaur warriors
  2 death knights (D:15)
  12 alligators
  4 two-headed ogres
  4 ghost crabs
  8 tengu warriors
  Urug (D:13)
  An occultist (D:15)
  5 skysharks
  11 spriggans
  Amaemon (Lair:3)
  5 skeletal warriors
  8 goliath frogs
  4 swamp dragons
  3 spriggan druids
  3 lindwurms
  An orc knight (D:13)
  4 bog bodies
  A necromancer (D:15)
  6 oklob plants
  4 deep elf pyromancers
  3 will-o-the-wisps
  5 cyclopes
  3 ugly things (D:15)
  A wolf spider (D:15)
  An orc sorcerer (D:13)
  A moth of wrath (Swamp:4)
  8 manticores
  6 elephants
  An orange demon (Lair:3)
  A gargoyle (D:13)
  5 torpor snails (Lair:5)
  9 black mambas
  4 centaur skeletons (D:15)
  An unseen horror (D:10)
  5 kobold demonologists
  14 cane toads
  2 freezing wraiths (D:15)
  2 rime drakes
  10 komodo dragons
  3 tengu conjurers (D:15)
  A bloated husk (Swamp:1)
  9 tyrant leeches
  2 polar bears
  4 merfolk
  A queen bee (shapeshifter) (D:14)
  4 trolls
  21 hornets
  Grinder (D:6)
  8 blink frogs
  10 dream sheep
  A shadow (D:9)
  2 centaur simulacra (D:15)
  4 water elementals
  7 wraiths
  15 humans
  28 yaks
  5 wyverns
  6 slime creatures
  A vampire (D:13)
  A warg (D:13)
  5 basilisks
  4 hogs (D:12)
  17 vampire mosquitoes
  A steam dragon (D:7)
  2 acid dragons
  9 swamp worms
  24 water moccasins
  5 orc warriors
  7 swamp drakes
  4 sky beasts (D:7)
  An ice beast (D:6)
  2 black bears
  3 laughing skulls
  A crocodile (shapeshifter) (D:13)
  2 ogres
  17 wolves
  11 centaurs
  6 kobold brigands
  Blork the orc (D:6)
  13 bullfrogs
  3 gnoll sergeants
  5 scorpions
  17 wights
  3 electric eels (Lair:2)
  2 howler monkeys
  2 gnoll boudas (D:7)
  4 bombardier beetles
  2 hounds
  3 jellies
  8 orc priests
  2 sleepcaps
  Ijyb (D:3)
  Natasha (thrice) (D:4)
  5 iguanas
  14 orc wizards
  13 gnolls
  10 adders
  2 shadow imps (D:7)
  2 white imps
  A dart slug (D:2)
  40 orcs
  3 ball pythons
  18 endoplasms
  3 giant cockroaches
  6 goblins
  9 hobgoblins
  15 jackals
  5 quokkas
  4 bats (D:1)
  4 frilled lizards
  30 kobolds
  7 rats
740 creatures vanquished.

Vanquished Creatures (collateral kills)
  2 spriggans (Swamp:4)
2 creatures vanquished.

Vanquished Creatures (others)
  2 hydras
  A swamp dragon (Swamp:4)
  A bog body (Swamp:3)
  2 bloated husks (Swamp:3)
  A hornet (Swamp:3)
  2 spriggans
  3 humans (D:13)
  A swamp worm (Swamp:3)
  An orc (D:13)
  12 foxfires
26 creatures vanquished.

Grand Total: 768 creatures vanquished

Notes
Turn   | Place    | Note
-------+----------+-------------------------------------------
     0 | D:1      | thirtiethelement the Demonspawn Berserker began the quest
                  | for the Orb.
     0 | D:1      | Reached XP level 1. HP: 18/18 MP: 1/1
   121 | D:1      | Gained mutation: You have sharp fingernails. [demonic
                  | ancestry]
   121 | D:1      | Reached XP level 2. HP: 16/24 MP: 2/2
   514 | D:1      | Gained mutation: You regenerate magic rapidly. [demonic
                  | ancestry]
   514 | D:1      | Reached XP level 3. HP: 29/29 MP: 3/3
   539 | D:1      | Reached skill level 2 in Dodging
   579 | D:1      | Reached ** piety under Trog
   886 | D:2      | Found a faded altar of an unknown god.
   987 | D:2      | Noticed an ogre
   995 | D:2      | Killed an ogre
   996 | D:2      | Gained mutation: You have very sharp fingernails. [demonic
                  | ancestry]
   996 | D:2      | Reached XP level 4. HP: 35/35 MP: 4/4
   996 | D:2      | Gained mutation: You are partially covered in sharp spines.
                  | [demonic ancestry]
   996 | D:2      | Reached XP level 5. HP: 41/41 MP: 5/5
  1268 | D:3      | Found a hazy altar of Hepliaklqana.
  1297 | D:3      | Noticed Ijyb
  1314 | D:3      | Killed Ijyb
  1700 | D:3      | Found a sparkling altar of Nemelex Xobeh.
  1700 | D:3      | Found an ornate altar of the Wu Jian Council.
  1700 | D:3      | Found a shimmering blue altar of Sif Muna.
  1700 | D:3      | Found an opulent altar of Gozag.
  1700 | D:3      | Found a burning altar of Makhleb.
  1840 | D:3      | Identified the +5 ring mail "Jierchow" {Int+5}
  2076 | D:3      | Found an ornate altar of the Wu Jian Council.
  2183 | D:4      | Reached skill level 5 in Unarmed Combat
  2183 | D:4      | Gained mutation: You are mostly covered in sharp spines.
                  | [demonic ancestry]
  2183 | D:4      | Reached XP level 6. HP: 47/47 MP: 6/6
  2243 | D:4      | Found a sacrificial altar of Ru.
  2258 | D:4      | Noticed Natasha
  2262 | D:4      | Killed Natasha
  2286 | D:4      | Noticed Natasha
  2291 | D:4      | Reached skill level 1 in Stealth
  2291 | D:4      | Killed Natasha
  2291 | D:4      | Reached *** piety under Trog
  2503 | D:4      | Noticed Natasha
  2511 | D:4      | Killed Natasha
  2635 | D:4      | Identified the amulet of Povoneicku {RegenMP ^Fragile rPois
                  | rC++ Stlth+}
  2771 | D:4      | Reached XP level 7. HP: 43/53 MP: 7/7
  2773 | D:4      | Reached skill level 3 in Dodging
  2891 | D:4      | Found a bloodstained altar of Trog.
  2892 | D:4      | Found a radiant altar of Vehumet.
  2924 | D:5      | Entered Level 5 of the Dungeon
  2924 | D:5      | Found a broken altar of Ashenzari.
  2951 | D:5      | Identified a scroll of acquirement
  2951 | D:5      | Acquired a manual of Dodging
  3137 | D:5      | Noticed a two-headed ogre
  3150 | D:5      | Killed a two-headed ogre
  3151 | D:5      | Reached skill level 4 in Dodging
  3151 | D:5      | Reached XP level 8. HP: 27/60 MP: 8/8
  3384 | D:5      | Reached skill level 5 in Dodging
  3601 | D:6      | Found a sparkling altar of Nemelex Xobeh.
  3603 | D:6      | Noticed Grinder
  3604 | D:6      | Reached **** piety under Trog
  3683 | D:6      | Killed Grinder
  3684 | D:6      | Reached skill level 5 in Armour
  3684 | D:6      | Reached skill level 6 in Dodging
  3868 | D:6      | Gained mutation: You are partially covered in rugged brown
                  | scales. (AC +1, +3% HP) [demonic ancestry]
  3868 | D:6      | Reached XP level 9. HP: 50/66 MP: 9/9
  3958 | D:6      | Noticed a two-headed ogre
  3967 | D:6      | Killed a two-headed ogre
  3968 | D:6      | Reached skill level 1 in Throwing
  4412 | D:6      | Reached skill level 7 in Dodging
  4425 | D:6      | You fall into a shaft and drop 1 floor!
  4542 | D:7      | Identified the +0 ring mail of the Sun {+Blink rF- Str+8
                  | Slay+5}
  4791 | D:6      | Noticed Blork the orc
  4797 | D:6      | Killed Blork the orc
  4854 | D:7      | Found an ancient bone altar of Kikubaaqudgha.
  4966 | D:7      | Found a staircase to the Ecumenical Temple.
  5121 | D:7      | Gained mutation: When hurt, damage is shared between your
                  | health and your magic reserves. [demonic ancestry]
  5121 | D:7      | Reached XP level 10. HP: 75/75 MP: 10/10
  5326 | D:7      | Gained mutation: Your spells are a little easier to cast,
                  | but a little less powerful. [potion of mutation]
  5326 | D:7      | Gained mutation: Your mind is acute. (Int +4, Str/Dex -1)
                  | [potion of mutation]
  5327 | D:7      | Lost mutation: Your spells are a little easier to cast, but
                  | a little less powerful. [potion of mutation]
  5327 | D:7      | Lost mutation: Your mind is acute. (Int +4, Str/Dex -1)
                  | [potion of mutation]
  5327 | D:7      | Gained mutation: You are robust. (+10% HP) [potion of
                  | mutation]
  5327 | D:7      | Gained mutation: You are somewhat resistant to further
                  | mutation. [potion of mutation]
  5475 | D:8      | Reached skill level 8 in Dodging
  5521 | D:8      | Reached ***** piety under Trog
  5605 | D:8      | Found a basalt altar of Yredelemnul.
  5650 | D:8      | Found a burning altar of Makhleb.
  6013 | D:9      | Reached skill level 10 in Unarmed Combat
  6147 | D:9      | Received a gift from Trog
  6153 | D:9      | Reached skill level 9 in Dodging
  6369 | D:9      | Reached skill level 5 in Stealth
  6652 | D:9      | Reached skill level 5 in Fighting
  6657 | D:9      | Paralysed by a hornet for 2 turns
  6664 | D:9      | Reached skill level 1 in Shields
  6664 | D:9      | Reached XP level 11. HP: 56/89 MP: 8/11
  7017 | D:9      | Found a shimmering blue altar of Sif Muna.
  7103 | D:10     | Entered Level 10 of the Dungeon
  7109 | D:10     | Noticed a tengu warrior
  7123 | D:10     | Killed a tengu warrior
  7124 | D:10     | Reached skill level 10 in Dodging
  7231 | D:10     | Noticed a tengu warrior
  7248 | D:10     | Killed a tengu warrior
  7257 | D:10     | Noticed a tengu warrior
  7261 | D:10     | Noticed a tengu warrior
  7279 | D:10     | Killed a tengu warrior
  7286 | D:10     | Killed a tengu warrior
  7850 | D:11     | Noticed Erolcha
  7853 | D:11     | Found a staircase to the Lair.
  7857 | D:11     | Killed Erolcha
  7971 | D:11     | Reached skill level 11 in Dodging
  9064 | D:12     | Noticed a boulder beetle
  9107 | D:12     | Killed a boulder beetle
  9108 | D:12     | Reached XP level 12. HP: 87/97 MP: 12/12
  9184 | D:12     | Found a runed translucent door.
  9200 | D:12     | Found the +2 pair of slick slippers {slick, slippery, EV+4}
  9203 | D:12     | Noticed an anaconda
  9361 | D:11     | Killed an anaconda
  9833 | D:12     | Reached skill level 12 in Dodging
 10308 | D:12     | Found a staircase to the Orcish Mines.
 10460 | D:12     | Noticed Fannar
 10479 | D:12     | Killed Fannar
 10622 | D:13     | Noticed Rupert
 10623 | D:13     | Paralysed by Rupert for 5 turns
 10642 | D:13     | Killed Rupert
 10949 | D:13     | Noticed a centaur warrior
 10962 | D:13     | Killed a centaur warrior
 10963 | D:13     | Received a gift from Trog
 11051 | D:13     | Reached skill level 13 in Dodging
 11171 | D:13     | Noticed Kirke
 11200 | D:13     | Found a gate to the Vaults.
 11208 | D:13     | Noticed Urug
 11636 | D:12     | Reached XP level 13. HP: 43/105 MP: 8/13
 11896 | D:13     | Killed Kirke
 11898 | D:13     | Reached skill level 5 in Shields
 12294 | D:13     | Killed Urug
 12295 | D:13     | Reached skill level 14 in Dodging
 12872 | D:13     | Found Wiucwuck's Armour Boutique.
 13783 | D:14     | Identified the +0 ring mail "Eckunnet" {Str+7 Slay-6}
 14001 | D:14     | Noticed a tengu reaver
 14001 | D:14     | Noticed an ettin
 14012 | D:14     | Killed an ettin
 14018 | D:14     | Killed a tengu reaver
 14019 | D:14     | Reached skill level 15 in Dodging
 14037 | D:14     | Noticed a frost giant
 14094 | D:14     | Identified the +3 steam dragon scales of Okawaru's Whim
                  | {^Contam Fly rCorr MP+9}
 14104 | D:14     | Killed a frost giant
 14804 | D:15     | Entered Level 15 of the Dungeon
 14868 | D:15     | Reached XP level 14. HP: 89/114 MP: 14/14
 14891 | D:15     | Reached skill level 15 in Unarmed Combat
 15415 | D:15     | Identified the +10 demon blade "Wenul" {flame, ^Fragile rC+
                  | SInv} (Trog gifted it to you on level 15 of the Dungeon)
 15415 | D:15     | Received a gift from Trog
 15780 | D:15     | Found a staircase to the Depths.
 17365 | Lair:1   | Entered Level 1 of the Lair of Beasts
 17412 | Lair:1   | Reached skill level 16 in Dodging
 17657 | Lair:1   | Noticed Harold
 17668 | Lair:1   | Killed Harold
 17833 | Lair:1   | You are sucked into a shaft and drop 1 floor!
 18136 | Lair:1   | Received a gift from Trog
 18875 | Lair:2   | Reached XP level 15. HP: 122/122 MP: 15/15
 19056 | Lair:2   | Identified the +7 falchion of the Genius {freeze, ^Fragile
                  | rPois rF+ Str+2}
 19088 | Lair:2   | Found a staircase to the Snake Pit.
 19301 | Lair:2   | Found the +1 robe of Vines {NoPotionHeal Regen++++}
 20028 | Lair:3   | Noticed Amaemon
 20038 | Lair:3   | Killed Amaemon
 20039 | Lair:3   | Reached skill level 17 in Dodging
 20733 | Lair:3   | Found a staircase to the Swamp.
 21398 | Lair:4   | Identified the +7 dagger "Ogrebane" {flame, rElec}
 21535 | Lair:4   | Noticed Josephine
 21547 | Lair:4   | Killed Josephine
 21551 | Lair:4   | Received a gift from Trog
 22080 | Lair:4   | Found a viscous altar of Jiyva.
 22080 | Lair:4   | Found a staircase to the Slime Pits.
 22332 | Lair:5   | Entered Level 5 of the Lair of Beasts
 23704 | Swamp:1  | Entered Level 1 of the Swamp
 24006 | Swamp:1  | Gained mutation: You are mostly covered in rugged brown
                  | scales. (AC +2, +5% HP) [demonic ancestry]
 24006 | Swamp:1  | Reached XP level 16. HP: 109/132 MP: 16/16
 24639 | Swamp:2  | Reached skill level 18 in Dodging
 24965 | Swamp:2  | Reached skill level 10 in Shields
 25233 | Swamp:2  | Reached ****** piety under Trog
 26364 | Swamp:3  | Received a gift from Trog
 26416 | Swamp:4  | Entered Level 4 of the Swamp
 26524 | Swamp:4  | Found a transporter.
 26530 | Swamp:4  | Found a transporter.
 26535 | Swamp:4  | Found a bloodstained altar of Trog.
 26561 | Swamp:4  | Noticed freelancePsychic's ghost (adept GrEE)
 26873 | Swamp:4  | HP: 2/198 [spriggan rider/+0 morningstar (12)]
 26874 | Swamp:4  | Succumbed to freelancePsychic's ghost's toxic radiance

Illustrated notes

Levels and vault maps discovered:
D:1:      nicolae_arrival_washed_ashore, layout_loops_ring
D:2:      layout_basic, dreamdust_ecumenical_altar_angels_and_demons
D:3:      cheibrodos_fertilizer, layout_loops_ring,
          nicolae_hepliaklqana_hazy_memory, mainiacjoe_overflow_catwalk,
          hangedman_decor_growths, uniq_ijyb
D:4:      layout_loops_ring, nicolae_ru_great_annihilating_truth,
          gammafunk_temple_overflow_statue, nrook_campfire, glass_columns_a,
          minmay_box_of_dots, uniq_natasha
D:5:      layout_rooms, overflow_temple_1_default, minmay_manual_mail
D:6:      layout_basic, mainiacjoe_overflow_tiny_flanked, uniq_grinder,
          uniq_blork_the_orc
D:7:      layout_rooms, amcnicky_altar_gilded, minmay_temple_entry_nine_rooms,
          minmay_joined_circles
D:8:      layout_cave_pools, yredelemnul_altar_generic,
          mainiacjoe_overflow_brackets, kennysheep_just_a_vault
D:9:      layout_roguey, kennysheep_orc_sif_temple
D:10:     nicolae_cairo_tiling_large_dashed, layout_rooms, zin_academy,
          mainiacjoe_overflow_alcove_4
D:11:     layout_irregular_city, lair_entry_dummy, hex_medium,
          lemuel_flame_loot_1, uniq_erolcha
D:12:     layout_long_grid, orc_0_dummy, nicolae_guarded_unrand_slippers,
          uniq_fannar
D:13:     layout_roguey, david_vaults_3, serial_shops, shop,
          nicolae_straight_to_the_point, uniq_kirke, uniq_rupert
D:14:     kennysheep_large_spiral, layout_basic, elyvilon_altar_5
D:15:     grunt_enter_depths_magical_seal, layout_rooms, chequers_big_river,
          minmay_alternating_orb
Lair:1:   layout_gridlike, serial_bayou_pond_b, beast_lair_carwin_1,
          grunt_megastairs_4, uniq_harold
Lair:2:   layout_regular_city, minmay_snake_entry_six_corridors,
          nicolae_lair_grove_arrangements, st_stairs_9,
          hellmonk_guarded_unrand_vines, grunt_megastairs_2,
          serial_bayou_shore_a
Lair:3:   layout_cave_pods, palyth_hydra_swamp_entry, uniq_amaemon
Lair:4:   minmay_lair_oklob_tunnel, layout_cave_pods, slime_entry_1,
          uniq_josephine
Lair:5:   wormcave, layout_gridlike, grunt_megastairs_3, uniq_urug
Swamp:1:  layout_basic_swamp, evilmike_swamp_ruin_house_1,
          nicolae_swamp_tree_isthmus
Swamp:2:  layout_falls_marsh, evilmike_swamp_ruin_house_2
Swamp:3:  layout_falls_marsh, nicolae_swamp_long_stream, swamp_pool_1_2,
          nicolae_swamp_catching_bugs
Swamp:4:  swamp_fiery, layout_basic_swamp, gammafunk_ghost_wrathful_warriors,
          infiniplex_staircase_pool

Skill      XL: |  1  2  3  4  5  6  7  8  9 10 11 12 13 14 15 16 |
---------------+-------------------------------------------------+-----
Unarmed Combat | 3 4 5 6 7 9 10 12 13 14 16 17 | 17.9
Dodging        | 2 4 6 7 9 11 13 15 16 17 18 | 18.7
Armour         | 2 3 4 5 6 7 8 9 |  9.1
Stealth        | 1 2 4 5 6 7 |  7.5
Fighting       | 4 5 6 7 |  7.5
Throwing       | 1 2 3 |  3.0
Shields        | 1 2 4 6 8 9 10 | 10.7
Evocations     | |  0.8

Action                     |  1- 3 |  4- 6 |  7- 9 | 10-12 | 13-15 | 16-18 || total
---------------------------+-------+-------+-------+-------+-------+-------++-------
  Melee: Unarmed           |   114 |   119 |   138 |   473 |  1105 |   416 ||  2365
         Punch             |     3 |     2 |     9 |       |       |       ||    14
  Throw: Javelin           |       |       |     2 |     6 |       |       ||     8
         Boomerang         |       |       |       |    19 |    19 |     4 ||    42
 Invoke: Berserk           |     1 |     2 |     4 |    10 |     8 |     1 ||    26
         Trog's Hand       |       |       |       |     2 |       |     1 ||     3
         Brothers in Arms  |       |       |       |       |       |     1 ||     1
Ability: Evoke Blink       |       |       |       |     4 |       |       ||     4
  Evoke: Wand              |       |       |       |       |     1 |       ||     1
    Use: Scroll            |       |     2 |    10 |    19 |    12 |     3 ||    46
         Potion            |       |       |     1 |     7 |     1 |       ||     9
   Stab: Invisible         |       |     1 |       |       |       |       ||     1
         Sleeping          |       |       |     5 |     7 |    20 |     5 ||    37
         Distracted        |       |       |       |     1 |     1 |       ||     2
         Held in net/web   |       |       |       |     1 |       |       ||     1
 Armour: Troll leather arm |    43 |    24 |       |       |       |       ||    67
         Animal skin       |     4 |       |       |       |       |       ||     4
         Ring mail         |       |    29 |    73 |   368 |   248 |       ||   718
         Skin              |       |       |       |    12 |       |       ||    12
         Steam dragon scal |       |       |       |       |   257 |   227 ||   484
  Dodge: Dodged            |   102 |    57 |    58 |   337 |   724 |   290 ||  1568
  Block: Buckler           |       |       |       |    34 |       |       ||    34
         Kite shield       |       |       |       |   142 |   753 |   381 ||  1276
